 Dungeon Crawl Stone Soup version 0.20.1-1-g8b1a95d (webtiles) character file.

167 Irenicus the Chopper (level 5, -1/49 HPs)
             Began as a Deep Dwarf Fighter on Oct 27, 2017.
             Killed by divine providence
             ... invoked by an orc priest
              (10 damage)
             ... on level 3 of the Dungeon.
             The game lasted 00:04:51 (1180 turns).

Irenicus the Chopper (Deep Dwarf Fighter)           Turns: 1180, Time: 00:04:57

Health: -1/49      AC: 10    Str: 20    XL:     5   Next: 23%
Magic:  5/5        EV:  9    Int:  8    God:
Gold:   149        SH:  0    Dex: 13    Spells: 4/4 levels left

rFire    . . .     SeeInvis .   r - +0 hand axe
rCold    . . .     Gourm    .   (no shield)
rNeg     . . .     Faith    .   b - +0 scale mail
rPois    .         Spirit   .   (no helmet)
rElec    .         Reflect  .   (no cloak)
rCorr    .         Harm     .   (no gloves)
MR       .....                  (no boots)
Stlth    ..........             (no amulet)
Regen    0.0/turn               q - +4 ring of protection
MPRegen  0.1/turn               (no ring)

@: non-regenerating
A: damage resistance, heal wounds, sense surroundings 1, no regeneration
a: Heal Wounds


You were on level 3 of the Dungeon.
You were not hungry.

You visited 1 branch of the dungeon, and saw 4 of its levels.

You collected 149 gold pieces.

Inventory:

Hand Weapons
 a - a +0 war axe
 r - a +0 hand axe (weapon)
Armour
 b - a +0 scale mail (worn)
 c - a +0 shield
Jewellery
 q - a +4 ring of protection (left hand)
Scrolls
 g - 2 scrolls of fog {unknown}
 h - 3 scrolls of remove curse
 j - 2 scrolls of identify {unknown}
 k - 2 scrolls of enchant weapon {unknown}
 l - 2 scrolls of blinking {unknown}
Potions
 d - 2 potions of might
 e - a potion of degeneration {unknown}
 i - 2 potions of curing {unknown}
 m - 3 potions of mutation {unknown}
 n - a potion of berserk rage {unknown}
 p - a potion of flight {unknown}
 s - a potion of ambrosia {unknown}
 t - a potion of resistance {unknown}
 u - a potion of haste
Comestibles
 f - a bread ration
 o - 2 fruits


   Skills:
 - Level 3.0 Fighting
 + Level 5.8 Axes
 - Level 3.2 Armour
 - Level 3.3 Shields


You had 4 spell levels left.
You didn't know any spells.

Dungeon Overview and Level Annotations

Branches:
Dungeon (4/15)
 Temple: D:4-7

Altars:
Dithmenos
Gozag


Innate Abilities, Weirdness & Mutations

You are resistant to damage.
You can heal yourself by infusing magical energy.
You passively map a small area around you.
You do not regenerate.


Message History

You open the door.
Found a stone staircase leading up.
Found 7 gold pieces.
There is an open door here.
You now have 149 gold pieces (gained 7).
Found 11 stones.
You hear the brisk rusting of a distant drain.
A goblin comes into view. It is wielding a club.
The goblin shouts!
An orc comes into view. It is wielding a dagger.
The orc shouts!
Found a scroll labeled QOULOR ASAMP. 2 orc priests come into view.
The orc priest shouts! x2
The orc priest mumbles some strange prayers to Beogh against you.
Beogh smites you!
* * * LOW HITPOINT WARNING * * *
The orc priest calls down the wrath of Beogh upon you.
Beogh smites you!
You die...

, , , ##### +*
....# ###+#
....# ** *
#....? ....#
#....o##....# *
*#oo.....g...#,
, , ####@#+# ,
#.(....# *
##....#.# *
#.....###** ,,
,,* #.....+ ,*,
, * , #.....#*
** #.....#, # *
#.....# * , # ,
, #...<.#, * #


You could see 2 orc priests, an orc and a goblin.

Vanquished Creatures
  An orc priest (D:3)
  An orc wizard (D:4)
  A worker ant (D:4)
  4 adders
  7 orcs
  2 bats
  4 giant cockroaches
  4 goblins
  6 hobgoblins
  A ball python (D:1)
  3 frilled lizards
  4 kobolds
  4 rats
42 creatures vanquished.

Notes
Turn   | Place    | Note
-------+----------+-------------------------------------------
     0 | D:1      | Irenicus the Deep Dwarf Fighter began the quest for the Orb.
     0 | D:1      | Reached XP level 1. HP: 20/20 MP: 1/1
    85 | D:1      | Reached XP level 2. HP: 26/28 MP: 2/2
   303 | D:1      | Reached skill level 3 in Axes
   641 | D:2      | Reached XP level 3. HP: 16/34 MP: 3/3
   722 | D:3      | Found a shadowy altar of Dithmenos.
   805 | D:3      | Reached skill level 4 in Axes
   817 | D:3      | Reached XP level 4. HP: 19/42 MP: 4/4
   990 | D:3      | You fall through a shaft!
   992 | D:4      | Found an opulent altar of Gozag.
  1016 | D:4      | Reached skill level 5 in Axes
  1037 | D:4      | Reached XP level 5. HP: 20/49 MP: 5/5
  1180 | D:3      | Killed from afar by an orc priest

Skill      XL: |  1  2  3  4 |
---------------+-------------+-----
Fighting       | 3 |  3.0
Axes           | 3 4 5 |  5.8
Armour         | |  3.2
Shields        | |  3.3

Action                   |  1- 3 |  4- 6 || total
-------------------------+-------+-------++-------
Melee: War axe           |    56 |       ||    56
       Hand axe          |    39 |    60 ||    99
Throw: Tomahawk          |       |     1 ||     1
  Use: Scroll            |     2 |       ||     2
       Potion            |     1 |       ||     1
  Eat: Chunk             |       |     1 ||     1
Armor: Scale mail        |    49 |    34 ||    83
Dodge: Dodged            |    49 |    23 ||    72
Block: Shield            |     3 |       ||     3
